 Dungeon Crawl Stone Soup version 0.30-a0-250-g41c1d76940 (webtiles) character file.

Game seed: 13651289537839461767

176 Pooter the Chopper (level 5, -1/70 HPs)
             Began as a Minotaur Berserker on Oct 12, 2022.
             Was a Believer of Trog.
             Slain by an orc priest
             ... wielding a +0 flail
              (7 damage)
             ... on level 3 of the Dungeon.
             The game lasted 00:09:39 (2068 turns).

Pooter the Chopper (Minotaur Berserker)             Turns: 2068, Time: 00:09:39

Health: -1/70      AC:  6    Str: 24    XL:     5   Next: 30%
Magic:  4/4        EV: 10    Int:  4    God:    Trog [**....]
Gold:   121        SH:  0    Dex:  9    Spells: 4/4 levels left

rFire   . . .      SeeInvis .    a - +0 morningstar
rCold   . . .      Faith    .    (no shield)
rNeg    . . .      Spirit   .    i - +0 scale mail
rPois   .          Reflect  .    (helmet restricted)
rElec   .          Harm     .    (no cloak)
rCorr   +          Rampage  .    (no gloves)
Will    ++...                    (no boots)
Stlth   ..........               (no amulet)
HPRegen 1.31/turn                g - ring of flight
MPRegen 0.09/turn                C - ring of resist corrosion

@: berserking, strong-willed, flying, regenerating, very quick
A: horns 2, retaliatory headbutt
a: Renounce Religion, Berserk, Trog's Hand


You were on level 3 of the Dungeon.
You worshipped Trog.
Trog was pleased with you.
You visited 1 branch of the dungeon, and saw 3 of its levels.

You collected 121 gold pieces.

Inventory:

Hand Weapons
 a - a +0 morningstar (weapon)
   (You took it off an orc on level 3 of the Dungeon)
 b - a +0 arbalest of venom
   (You found it on level 1 of the Dungeon)
 m - a +0 flail
   (You took it off a kobold on level 2 of the Dungeon)
 q - a +0 hand axe
Missiles
 h - a throwing net {!f}
 o - 4 curare-tipped darts
 r - 3 boomerangs
 Q - 43 stones (quivered)
Armour
 i - a +0 scale mail (worn)
   (You took it off Terence on level 2 of the Dungeon)
Jewellery
 g - a ring of flight (left hand)
   (You found it on level 1 of the Dungeon)
 C - a ring of resist corrosion (right hand)
   (You found it on level 2 of the Dungeon)
Scrolls
 d - a scroll of fear {unknown}
 l - a scroll of summoning
 n - a scroll of enchant armour {unknown}
 p - a scroll of immolation {unknown}
 t - 2 scrolls of teleportation {@r4}
Potions
 c - 8 potions of curing {@q1}
 e - 2 potions of haste {unknown}
 f - 2 potions of invisibility {unknown}
 j - a potion of cancellation {unknown}
 k - a potion of might {unknown}
 s - a potion of heal wounds {unknown}


   Skills:
 + Level 4.7 Fighting
 * Level 5.6 Axes
 + Level 0.0(3.3) Maces & Flails
 * Level 2.9 Ranged Weapons
 - Level 2.4 Armour
 - Level 2.1 Dodging


You had 4 spell levels left.
You didn't know any spells.
Your spell library was empty.

Dungeon Overview and Level Annotations

Branches:
Dungeon (3/15)

Altars:
Trog
Uskayaw
The Shining One


Innate Abilities, Weirdness & Mutations

You have a pair of horns on your head.
You reflexively headbutt those who attack you in melee.


Message History

The orc priest shouts!
An orc priest comes into view. It is wielding a +0 flail.
An orc comes into view. It is wielding a +0 club.
Fire: b) +0 arbalest (venom)
Aim: an orc priest, wielding a +0 dagger (50% to hit)
You shoot a bolt. The bolt barely misses the orc priest.
The orc shouts!
An orc comes into view. It is wielding a +0 hand axe.
The orc priest mumbles some strange prayers to Beogh against you.
Beogh smites you!
Fire: b) +0 arbalest (venom)
Aim: an orc priest, wielding a +0 flail and wearing a +0 leather armour (50% to hit)
You shoot a bolt.
The bolt hits the orc priest but does no damage.
The orc priest is poisoned.
The orc hits you with a +0 short sword. The orc attacks as you move away!
The orc hits you but does no damage.
Your +0 arbalest of venom stops dripping with poison.
a - a +0 morningstar (weapon)
Your skin crawls.
You feel strong-willed.
The orc priest calls upon Beogh to heal something.
The orc hits you with a +0 short sword.
You closely miss the orc. Your headbutt misses the orc.
The orc priest calls down the wrath of Beogh upon you.
Beogh smites you!
* * * LOW HITPOINT WARNING * * *
The orc priest calls down the wrath of Beogh upon you.
Beogh smites you!
* * * LOW HITPOINT WARNING * * *
Unknown command.
A red film seems to cover your vision as you go berserk!
You feel yourself moving faster!
You feel mighty! The orc hits you with a +0 club.
* * * LOW HITPOINT WARNING * * *
The orc priest calls upon Beogh to heal the orc priest.
The orc priest's wounds heal themselves!
You closely miss the orc. You headbutt the orc, but do no damage.
You completely miss the orc. You headbutt the orc!
You kill the orc!
Trog accepts your kill.
You sock the orc!
You kill the orc!
Trog accepts your kill.
You closely miss the orc priest. Your headbutt misses the orc priest.
The orc priest hits you with a +0 flail.
* * * LOW HITPOINT WARNING * * *
You closely miss the orc priest.
The orc priest hits you with a +0 flail!
You die...

#♣..♣~♣......# #
#...~~~♣.....#######
#..~~~♣~P...........
#.~♣~~♣P.##.........
#P~~~♣~..##.........
#.~~~♣..P##.........
#.P~~♣.♣###oo.......
##....P####o########
#.....#..@.#
##..P...####
########


You could see 2 orc priests and an orc.

Vanquished Creatures
  Terence (D:2)
  An orc wizard (D:3)
  3 gnolls (D:2)
  2 adders
  A dart slug (D:3)
  9 orcs (D:3)
  3 endoplasms
  4 giant cockroaches
  7 goblins
  3 hobgoblins
  7 jackals
  6 kobolds
  6 ball pythons
  6 bats
  2 frilled lizards
  3 rats
64 creatures vanquished.

Notes
Turn   | Place    | Note
-------+----------+-------------------------------------------
     0 | D:1      | Pooter the Minotaur Berserker began the quest for the Orb.
     0 | D:1      | Reached XP level 1. HP: 19/19 MP: 0/0
    48 | D:1      | Reached skill level 4 in Axes
   122 | D:1      | Reached XP level 2. HP: 27/27 MP: 1/1
   639 | D:2      | Reached XP level 3. HP: 33/33 MP: 2/2
   642 | D:2      | Reached skill level 1 in Ranged Weapons
   939 | D:2      | Reached ** piety under Trog
  1087 | D:2      | Reached XP level 4. HP: 33/41 MP: 3/3
  1090 | D:2      | Reached skill level 5 in Axes
  1221 | D:2      | Noticed Terence
  1224 | D:2      | Killed Terence
  1454 | D:3      | Found a hide-covered altar of Uskayaw.
  1616 | D:3      | Reached XP level 5. HP: 47/47 MP: 4/4
  1671 | D:3      | Found a bloodstained altar of Trog.
  1704 | D:3      | Found a glowing golden altar of the Shining One.
  2068 | D:3      | Slain by an orc priest

Illustrated notes

Levels and vault maps discovered:
D:1:      minmay_arrival_up_and_down, layout_rooms
D:2:      layout_basic, serial_curves, eino_curves_02, eino_curves_03,
          kennysheep_potato, uniq_terence
D:3:      layout_basic, nicolae_uskayaw_suspiria, mainiacjoe_overflow_two_lobes,
          small_statue_alley_b, serial_bayou_pond_a

Skill      XL: |  1  2  3  4 |
---------------+-------------+-----
Axes           | 4 5 |  5.6
Fighting       | 4 |  4.7
Ranged Weapons | 1 2 |  2.9
Armour         | |  2.4
Dodging        | |  2.1

Action                   |  1- 3 |  4- 6 || total
-------------------------+-------+-------++-------
Melee: Hand axe          |    22 |     7 ||    29
       Short sword       |     4 |       ||     4
       Headbutt          |     1 |     3 ||     4
       Morningstar       |       |     6 ||     6
 Fire: Arbalest          |    51 |    49 ||   100
Invok: Berserk           |     3 |     1 ||     4
       Trog's Hand       |       |     2 ||     2
  Use: Scroll            |     4 |       ||     4
Armor: Animal skin       |    11 |       ||    11
       Scale mail        |       |    12 ||    12
Dodge: Dodged            |    39 |    10 ||    49

Table legend: (Time is in decaauts)
 A = Elapsed time spent in this place.
 B = Non-inter-level travel time spent in this place.
 C = Inter-level travel time spent in this place.
 D = Time resting spent in this place.
 E = Time spent auto-exploring this place.
 F = Levels seen in this place.
 G = Mean time per level.
                   A        B        C        D        E       F      G
               +--------+--------+--------+--------+--------+-----+--------+
         Total |   2179 |   2113 |     66 |    289 |   1371 |   3 |  726.3 |
       Dungeon |   2179 |   2113 |     66 |    289 |   1371 |   3 |  726.3 |
               +--------+--------+--------+--------+--------+-----+--------+

Top non-repeatable levels by time:
     D:2: 844 daAuts
     D:1: 676 daAuts
     D:3: 658 daAuts
